 Dungeon Crawl Stone Soup version 0.28-b1-1-g3c77fb2ed1 (webtiles) character file.

Game seed: 6986565857135467484

2 croobank the Magician (level 1, 0/13 HPs)
             Began as a Gnoll Hedge Wizard on Jan 30, 2022.
             Slain by a quokka (1 damage)
             ... on level 1 of the Dungeon.
             The game lasted 00:01:03 (159 turns).

croobank the Magician (Gnoll Hedge Wizard)           Turns: 159, Time: 00:01:04

Health: 0/13       AC:  2    Str:  9    XL:     1   Next: 30%
Magic:  3/8        EV: 13    Int: 13    God:
Gold:   13         SH:  0    Dex: 11    Spells: 12/14 levels left

rFire   . . .      SeeInvis .   a - +0 dagger
rCold   . . .      Faith    .   (no shield)
rNeg    . . .      Spirit   .   b - +0 robe
rPois   .          Reflect  .   c - +0 hat
rElec   .          Harm     .   (no cloak)
rCorr   .          Rampage  .   (no gloves)
Will    .....                   (no boots)
Stlth   ++........              (no amulet)
HPRegen 0.04/turn               (no ring)
MPRegen 0.11/turn               (no ring)

@: no status effects
A: fangs 1, strong nose, distributed training
a: no special abilities


You were on level 1 of the Dungeon.
You visited 1 branch of the dungeon, and saw 1 of its levels.

You collected 13 gold pieces.

Inventory:

Hand Weapons
 a - a +0 dagger (weapon)
Missiles
 d - 19 stones
 e - 25 arrows
Armour
 b - a +0 robe (worn)
 c - a +0 hat (worn)


   Skills:
 + Level 0.0 Fighting
 + Level 0.0 Short Blades
 + Level 0.0 Long Blades
 + Level 0.0 Axes
 + Level 0.0 Maces & Flails
 + Level 0.0 Polearms
 + Level 0.0 Staves
 + Level 0.0 Slings
 + Level 0.0 Bows
 + Level 0.0 Crossbows
 + Level 0.0 Throwing
 + Level 0.0 Armour
 + Level 4.4 Dodging
 + Level 4.0 Stealth
 + Level 0.0 Shields
 + Level 0.0 Unarmed Combat
 + Level 7.0 Spellcasting
 + Level 1.9 Conjurations
 + Level 0.0 Hexes
 + Level 1.9 Summonings
 + Level 0.0 Necromancy
 + Level 1.9 Translocations
 + Level 0.0 Transmutations
 + Level 0.0 Fire Magic
 + Level 0.0 Ice Magic
 + Level 0.0 Air Magic
 + Level 0.0 Earth Magic
 + Level 0.0 Poison Magic
 + Level 0.1 Invocations
 + Level 0.0 Evocations


You had 12 spell levels left.
You knew the following spells:

 Your Spells              Type           Power      Damage    Failure   Level
a - Magic Dart            Conj           36%        1d4       7%          1
b - Slow                  Hex            16%        N/A       16%         1

Your spell library contained the following spells:

 Spells                   Type           Power      Damage    Failure   Level
 Blink                    Tloc           18%        N/A       11%         2
 Call Imp                 Summ           9%         N/A       11%         2
 Conjure Flame            Conj/Fire      7%         6-21      30%         3
 Mephitic Cloud           Conj/Pois/Air  6%         N/A       34%         3


Dungeon Overview and Level Annotations

Branches:
Dungeon (1/15)

Altars:


Innate Abilities, Weirdness & Mutations

You have very sharp teeth.
Your uncanny sense of smell can sniff out nearby items.
Your experience applies equally to all skills.


Message History

Casting: Slow (safe; 16% risk of failure)
Confirm with . or Enter, or press ? or * to list all spells.
Aiming: Magic Dart (safe; 7% risk of failure)
Press: ? - help, Shift-Dir - straight line, f - quokka, p - hobgoblin
Aim: a quokka (100% to hit)
The magic dart hits the quokka.
The quokka is moderately wounded.
You barely miss the hobgoblin.
The hobgoblin is heavily wounded.
The quokka bites you. The quokka barely misses you.
You hit the hobgoblin.
The hobgoblin is severely wounded.
The hobgoblin barely misses you. The quokka barely misses you.
You closely miss the hobgoblin.
The hobgoblin is severely wounded.
The hobgoblin is no longer moving slowly.
The quokka barely misses you. The hobgoblin barely misses you.
You hit the hobgoblin.
You kill the hobgoblin!
The quokka completely misses you.
You barely miss the quokka.
The quokka is lightly wounded.
The quokka misses you.
Casting: Magic Dart (safe; 7% risk of failure)
Confirm with . or Enter, or press ? or * to list all spells.
Aiming: Slow (safe; 16% risk of failure)
Press: ? - help, Shift-Dir - straight line, f/p - quokka
Aim: a quokka (lightly wounded, chance to affect: 57%)
The quokka seems to slow down.
The quokka bites you.
You hit the quokka.
The quokka is moderately wounded.
The quokka bites you.
* * * LOW HITPOINT WARNING * * *
You hit the quokka.
The quokka is severely wounded.
The quokka closely misses you.
You barely miss the quokka.
The quokka is severely wounded.
The quokka bites you.
You die...

#########
#.......#+### #
#...........#
#.#...........#
#.............#
#.............#
#...r@........#
#...†.###.....########
........#
#.....'.......
..##....#
#.....######## .
+....+ +.....'.......
#....# #.....######..
#....# ####### #..
#....# #.. ###


You could see a quokka (slow).

Vanquished Creatures
  A hobgoblin (D:1)
  A frilled lizard (D:1)
2 creatures vanquished.

Notes
Turn   | Place    | Note
-------+----------+-------------------------------------------
     0 | D:1      | croobank the Gnoll Hedge Wizard began the quest for the
                  | Orb.
     0 | D:1      | Reached XP level 1. HP: 13/13 MP: 8/8
    70 | D:1      | Learned a level 1 spell: Slow
   159 | D:1      | Slain by a quokka

Illustrated notes

Levels and vault maps discovered:
D:1:      beargit_arrival_greenhouse, layout_basic, serial_shops, shop,
          serial_bayou_pond_a

Action                   || total
-------------------------++-------
Melee: Dagger            ||     8
 Cast: Magic Dart        ||     5
       Slow              ||     2
Dodge: Dodged            ||     8
